 Dungeon Crawl Stone Soup version 0.29.1-15-g9cfb28693d (webtiles) character file.

Game seed: 314796107731214468

187 Javier the Charlatan (level 5, 0/41 HPs)
             Began as a Gnoll Wanderer on Apr 24, 2023.
             Slain by an orc wizard
             ... wielding a +0 dagger
              (1 damage)
             ... on level 4 of the Dungeon.
             The game lasted 00:06:50 (1025 turns).

Javier the Charlatan (Gnoll Wanderer)               Turns: 1025, Time: 00:06:50

Health: 0/41       AC:  3    Str: 13    XL:     5   Next: 66%
Magic:  2/12       EV: 11    Int: 12    God:
Gold:   70         SH:  0    Dex: 11    Spells: 10/14 levels left

rFire   . . .      SeeInvis .   l - +0 lajatang
rCold   . . .      Faith    .   (shield currently unavailable)
rNeg    . . .      Spirit   .   d - +0 leather armour
rPois   .          Reflect  .   (no helmet)
rElec   .          Harm     .   (no cloak)
rCorr   .          Rampage  .   (no gloves)
Will    .....                   (no boots)
Stlth   +.........              (no amulet)
HPRegen 0.13/turn               (no ring)
MPRegen 0.13/turn               (no ring)

@: brilliant
A: fangs 1, strong nose, distributed training
a: no special abilities


You were on level 4 of the Dungeon.
You visited 1 branch of the dungeon, and saw 4 of its levels.

You collected 70 gold pieces.

Inventory:

Hand Weapons
 a - a +0 shortbow
 g - a +3 short sword of protection
 l - a +0 lajatang (weapon)
Armour
 d - a +0 leather armour (worn)
Wands
 b - a wand of flame (4)
Scrolls
 c - a scroll of teleportation
 n - a scroll of identify {unknown}
Potions
 e - a potion of brilliance
 f - a potion of curing {unknown}
 h - a potion of resistance {unknown}
 i - 2 potions of cancellation {unknown}
 j - a potion of degeneration {unknown}
 m - 2 potions of lignification {unknown}


   Skills:
 + Level 3.1 Fighting
 + Level 1.6 Short Blades
 + Level 1.6 Long Blades
 + Level 1.6 Axes
 + Level 1.6 Maces & Flails
 + Level 1.6 Polearms
 + Level 1.6 Staves
 + Level 4.8 Ranged Weapons
 + Level 1.6 Throwing
 + Level 1.6 Armour
 + Level 1.6 Dodging
 + Level 1.6 Stealth
 + Level 1.6 Shields
 + Level 1.6 Unarmed Combat
 + Level 5.2 Spellcasting
 + Level 1.3 Conjurations
 + Level 1.3 Hexes
 + Level 1.3 Summonings
 + Level 4.0 Necromancy
 + Level 1.3 Translocations
 + Level 1.3 Transmutations
 + Level 1.3 Fire Magic
 + Level 1.3 Ice Magic
 + Level 1.3 Air Magic
 + Level 1.3 Earth Magic
 + Level 1.3 Poison Magic
 + Level 1.9 Invocations
 + Level 6.7 Evocations


You had 10 spell levels left.
You knew the following spells:

 Your Spells              Type           Power      Damage    Failure   Level
a - Necrotise             Necr           76%        1d7       4%          1
b - Vampiric Draining     Necr           19%        2d7       14%         3

Your spell library contained the following spells:

 Spells                   Type           Power      Damage    Failure   Level


Dungeon Overview and Level Annotations

Branches:
Dungeon (4/15)
 Temple: D:4-7

Altars:
Ashenzari


Innate Abilities, Weirdness & Mutations

You have very sharp teeth.
Your uncanny sense of smell can sniff out nearby items.
Your experience applies equally to all skills.


Message History

The orc wizard shouts!
You hear a shout!
Your orc priest skeleton closely misses the orc.
The orc misses you.
You slash the orc!
You kill the orc!
The orc hits you from afar with a +0 trident!
Your orc priest skeleton hits the orc.
A ball python comes into view.
The orc wizard hits you with a +0 dagger.
The orc hits you with a +0 trident.
* * * LOW HITPOINT WARNING * * *
Your orc priest skeleton hits the orc.
The ball python moves out of view.
Unknown command.
You barely miss the orc.
The orc is heavily wounded.
The orc hits you but does no damage. The orc wizard casts a spell at you.
You resist with some effort.
Your orc priest skeleton hits the orc but does no damage.
You closely miss the orc.
The orc is heavily wounded.
An orc comes into view. It is wielding a +0 flail.
The orc hits you with a +0 trident.
* * * LOW HITPOINT WARNING * * *
The orc wizard hits you with a +0 dagger.
* * * LOW HITPOINT WARNING * * *
Your orc priest skeleton hits the orc but does no damage.
The orc hits you but does no damage.
The orc wizard hits you but does no damage.
It was a potion of brilliance.
You feel clever all of a sudden.
Your orc priest skeleton barely misses the orc.
The orc closely misses you.
The orc wizard hits you with a +0 dagger.
* * * LOW HITPOINT WARNING * * *
You hit the orc but do no damage.
The orc is heavily wounded.
The orc barely misses you.
The orc wizard hits you with a +0 dagger.
You die...

####.. .... ......
.... #.....##... #
.#.#...#... ...
#..#......# ...#
#.#.....o.#....#
##......ooS#....#
##.......Z@...>...
#.................
#.................
#...............
#.....####.....#
#.)##)## ......
##...).####..#..
##........(.####
##.......##.##....


You could see an orc wizard, 2 orcs, a ball python and a friendly orc priest
skeleton.

Vanquished Creatures
  An orc priest (D:4)
  Natasha (D:2)
  An orc wizard (D:4)
  4 gnolls (D:4)
  2 dart slugs (D:2)
  3 orcs (D:4)
  A ball python (D:1)
  2 bats (D:1)
  4 endoplasms
  A giant cockroach (D:1)
  A goblin (D:2)
  4 hobgoblins
  4 jackals (D:2)
  5 kobolds
  A frilled lizard (D:3)
  2 rats
37 creatures vanquished.

Vanquished Creatures (collateral kills)
  Natasha (D:2)
  2 ball pythons
3 creatures vanquished.

Grand Total: 40 creatures vanquished

Notes
Turn   | Place    | Note
-------+----------+-------------------------------------------
     0 | D:1      | Javier the Gnoll Wanderer began the quest for the Orb.
     0 | D:1      | Javier set off with the following items: a +0 shortbow, a
                  | wand of flame (4), a scroll of teleportation, a +0 leather
                  | armour; and the following spell memorised: Necrotise; and
                  | the following spells available to memorise: Vampiric
                  | Draining.
     0 | D:1      | Reached XP level 1. HP: 17/17 MP: 6/6
    93 | D:1      | Reached XP level 2. HP: 23/23 MP: 5/7
   270 | D:2      | Noticed Natasha
   277 | D:2      | Killed Natasha
   278 | D:2      | Reached skill level 5 in Spellcasting
   278 | D:2      | Reached skill level 1 in Invocations
   278 | D:2      | Reached XP level 3. HP: 21/28 MP: 7/9
   422 | D:2      | Found a broken altar of Ashenzari.
   451 | D:2      | Reached skill level 1 in Short Blades
   451 | D:2      | Reached skill level 1 in Long Blades
   451 | D:2      | Reached skill level 1 in Axes
   451 | D:2      | Reached skill level 1 in Maces & Flails
   451 | D:2      | Reached skill level 1 in Polearms
   451 | D:2      | Reached skill level 1 in Staves
   451 | D:2      | Reached skill level 1 in Throwing
   451 | D:2      | Reached skill level 1 in Armour
   451 | D:2      | Reached skill level 1 in Dodging
   451 | D:2      | Reached skill level 1 in Stealth
   451 | D:2      | Reached skill level 1 in Shields
   451 | D:2      | Reached skill level 1 in Unarmed Combat
   455 | D:2      | Noticed Natasha
   464 | D:2      | Killed Natasha
   465 | D:2      | Reached skill level 1 in Conjurations
   465 | D:2      | Reached skill level 1 in Hexes
   465 | D:2      | Reached skill level 1 in Summonings
   465 | D:2      | Reached skill level 1 in Translocations
   465 | D:2      | Reached skill level 1 in Transmutations
   465 | D:2      | Reached skill level 1 in Fire Magic
   465 | D:2      | Reached skill level 1 in Ice Magic
   465 | D:2      | Reached skill level 1 in Air Magic
   465 | D:2      | Reached skill level 1 in Earth Magic
   465 | D:2      | Reached skill level 1 in Poison Magic
   465 | D:2      | Reached XP level 4. HP: 32/34 MP: 3/11
   495 | D:2      | Learned a level 3 spell: Vampiric Draining
   710 | D:4      | Reached XP level 5. HP: 23/40 MP: 2/12
  1023 | D:4      | HP: 2/41 [orc wizard/+0 dagger (3)]
  1025 | D:4      | Slain by an orc wizard

Illustrated notes

Levels and vault maps discovered:
D:1:      dpeg_arrival_court, layout_basic, ebering_ecumenical_altar_abandoned
D:2:      layout_loops_ring, basic_altar, kennysheep_generic_room_7,
          uniq_natasha, uniq_sigmund
D:3:      layout_loops_cross, serial_shops, shop_statue,
          minmay_tree_intersection
D:4:      layout_cave_pools, temple_pool_b

Skill      XL: |  1  2  3  4  5 |
---------------+----------------+-----
Spellcasting   | 5 |  5.2
Invocations    | 1 |  1.9
Short Blades   | 1 |  1.6
Long Blades    | 1 |  1.6
Axes           | 1 |  1.6
Maces & Flails | 1 |  1.6
Polearms       | 1 |  1.6
Staves         | 1 |  1.6
Throwing       | 1 |  1.6
Armour         | 1 |  1.6
Dodging        | 1 |  1.6
Stealth        | 1 |  1.6
Shields        | 1 |  1.6
Unarmed Combat | 1 |  1.6
Conjurations   | 1 |  1.3
Hexes          | 1 |  1.3
Summonings     | 1 |  1.3
Translocations | 1 |  1.3
Transmutations | 1 |  1.3
Fire Magic     | 1 |  1.3
Ice Magic      | 1 |  1.3
Air Magic      | 1 |  1.3
Earth Magic    | 1 |  1.3
Poison Magic   | 1 |  1.3
Fighting       | 3 |  3.1
Necromancy     | 4 |  4.0
Ranged Weapons | |  4.8
Evocations     | |  6.7

Action                   |  1- 3 |  4- 6 || total
-------------------------+-------+-------++-------
Melee: Short sword       |     5 |       ||     5
       Bite              |     1 |     4 ||     5
       Lajatang          |       |    22 ||    22
 Fire: Shortbow          |    37 |     5 ||    42
 Cast: Necrotise         |    17 |     9 ||    26
       Vampiric Draining |       |     8 ||     8
  Use: Scroll            |       |     2 ||     2
       Potion            |       |     1 ||     1
Armor: Leather armour    |     5 |     6 ||    11
Dodge: Dodged            |    15 |    31 ||    46
